 Dungeon Crawl Stone Soup version 0.30-a0-341-g682706514a (webtiles) character file.

Game seed: 13452159524520268299

6272 koil the Trooper (level 10, 0/86 HPs)
             Began as a Black Draconian Transmuter on Nov 5, 2022.
             Was a Priest of Wu Jian.
             Slain by a vampire
             ... wielding a +0 war axe
              (6 damage)
             ... on level 9 of the Dungeon.
             The game lasted 00:39:26 (8963 turns).

koil the Trooper (Black Draconian Transmuter)       Turns: 8963, Time: 00:39:27

Health: 0/86       AC:  6    Str: 16    XL:     10   Next: 63%
Magic:  19/19      EV: 25    Int: 15    God:    Wu Jian [***...]
Gold:   182        SH:  0    Dex: 22    Spells: 4/21 levels left

rFire   . . .      SeeInvis .      - Unarmed
rCold   + . .      Faith    .    (shield currently unavailable)
rNeg    . . .      Spirit   .    (body armour unavailable)
rPois   x          Reflect  .    (helmet currently unavailable)
rElec   .          Harm     .    (cloak currently unavailable)
rCorr   .          Rampage  .    (gloves currently unavailable)
Will    .....                    (boots currently unavailable)
Stlth   ++........               (no amulet)
HPRegen 0.34/turn                l - ring "Poneqeni" {rC+ AC+4}
MPRegen 0.16/turn                y - +6 ring of dexterity

@: spider-form
A: venomous fangs, (breathe lightning), AC +7, tiny, unfitting armour,
(electricity resistance), (cold-blooded), (fire resistance 1)
a: End Transformation, Renounce Religion, Wall Jump, Serpent's Lash


You were on level 9 of the Dungeon.
You worshipped Wu Jian.
Wu Jian was most pleased with you.
You were a venomous arachnid creature.
You visited 2 branches of the dungeon, and saw 10 of its levels.
You also visited: Ossuary.

You collected 476 gold pieces.
You spent 294 gold pieces at shops.

Inventory:

Hand Weapons
 b - the +5 dagger of the Shimmering Gods {protect, Will+ Str+2}
   (You found it on level 6 of the Dungeon)

   It grants its wielder temporary protection when it strikes (+7 to AC).
   Str:       It affects your strength (+2).
   Will:      It increases your willpower.
 E - a +8 flail of draining
Missiles
 p - 6 curare-tipped darts
 r - a poisoned dart
Armour
 h - a +1 cloak (melded)
Jewellery
 l - the ring "Poneqeni" (left front leg) {rC+ AC+4}
   (You found it on level 3 of the Dungeon)

   [ring of protection]

   AC:        It affects your AC (+4).
   rC:        It protects you from cold.
 o - an amulet of reflection
 x - a ring of magical power
 y - a +6 ring of dexterity (right front leg)
 F - a ring of fire
Wands
 d - a wand of flame (26)
 I - a wand of charming (10)
 K - a wand of mindburst (13)
Scrolls
 c - a scroll of magic mapping
 f - a scroll of identify
 g - 2 scrolls of amnesia
 j - a scroll of enchant weapon
 z - 4 scrolls of poison
 A - 2 scrolls of immolation
 B - a scroll of vulnerability {unknown}
Potions
 a - 4 potions of lignification
 e - 2 potions of brilliance
 i - a potion of resistance {unknown}
 k - 10 potions of curing
 m - a potion of ambrosia
 n - 3 potions of haste
 q - 2 potions of might
 s - 3 potions of flight
 t - 3 potions of heal wounds
 u - a potion of attraction
 v - 3 potions of mutation
 w - a potion of berserk rage {unknown}


   Skills:
 + Level 7.1 Fighting
 + Level 6.2 Dodging
 + Level 7.0 Unarmed Combat
 + Level 6.1 Spellcasting
 + Level 6.7 Transmutations
 + Level 5.5 Air Magic
 + Level 5.2 Poison Magic


You had 4 spell levels left.
You knew the following spells:

 Your Spells              Type           Power      Damage    Failure   Level
a - Beastly Appendage     Tmut           48%        N/A       4%          1
b - Wereblood             Tmut           24%        N/A       6%          2
c - Spider Form           Tmut/Pois      22%        N/A       12%         3
d - Olgreb's Toxic Radia  Pois           20%        N/A       34%         4
e - Swiftness             Air            21%        N/A       13%         3
f - Airstrike             Air            10%        2d(2-18)  32%         4

Your spell library contained the following spells:

 Spells                   Type           Power      Damage    Failure   Level
 Sting                    Tmut/Pois      88%        1d7       6%          1
 Poisonous Vapours        Pois/Air       40%        N/A       9%          2
 Shock                    Conj/Air       52%        1d6       14%         1
 Passwall                 Tmut/Erth      11%        N/A       16%         2
 Mephitic Cloud           Conj/Pois/Air  15%        N/A       24%         3
 Freeze                   Ice            16%        1d4       32%         1
 Sandblast                Erth           8%         2d5       32%         1
 Kindle Blastsparks       Fire/Tloc/Air  20%        2d11      41%         3
 Ice Form                 Ice/Tmut       14%        N/A       56%         4
 Frozen Ramparts          Ice            8%         1d2       63%         3
 Hailstorm                Conj/Ice       4%         3d4       63%         3
 Stone Arrow              Conj/Erth      8%         3d7       63%         3
 Passage of Golubria      Tloc           4%         N/A       93%         4
 Silence                  Hex/Air        6%         N/A       90%         5
 Borgnjor's Revivificati  Necr           2%         N/A       100%        8
 Lehudib's Crystal Spear  Conj/Erth      2%         10d2      100%        8
 Necromutation            Tmut/Necr      7%         N/A       100%        8
 Chain Lightning          Conj/Air       6%         3d8       100%        9
 Death's Door             Necr           2%         N/A       100%        9
 Fire Storm               Conj/Fire      2%         8d1       100%        9
 Shatter                  Erth           2%         3d6*      100%        9


Dungeon Overview and Level Annotations

Branches:
Dungeon (9/15)             Temple (1/1) D:6         Ossuary (visited)
   Lair: D:8-11         Orc: D:9-12

Altars:
Elyvilon
Gozag
Hepliaklqana
Kikubaaqudgha
Makhleb
Nemelex Xobeh
Okawaru
Qazlal
Ru
Sif Muna
Trog
Uskayaw
Wu Jian
Yredelemnul
Zin

Shops:
D:4 !


Innate Abilities, Weirdness & Mutations

You are a venomous arachnid creature.
You have poisonous fangs.
You are tiny and dextrous.
Your spellcasting is less reliable in this form.
Your armour is entirely melded.
You are incapable of wielding weapons or throwing items.
((You can breathe wild blasts of lightning.))
((Your glossy black scales are hard. (AC +7)))
You cannot fit into any form of body armour.
((You are resistant to electric shocks. (rElec)))
((You are cold-blooded and may be slowed by cold attacks.))
((Your flesh is heat resistant. (rF+)))


Message History

Something misses you.
Your primal bloodlust is almost over.
The bullfrog misses you.
You hear some strange, mumbled words.
You are more confused.
The bullfrog attacks as you move away! The bullfrog completely misses you.
You kill the bullfrog!
The Council accepts your kill. Something completely misses you.
Something bites you but does no damage.
You feel yourself speed up. Something hits you!
* * * LOW HITPOINT WARNING * * *
Something closely misses you.
You feel much better. Something closely misses you. x2
You hiss as the wereblood boils in your veins!
Your primal bloodlust has ended.
Something misses you. Something bites you but does no damage.
You're too confused to move!
Something barely misses you. Something bites you!
* * * LOW HITPOINT WARNING * * *
Something draws strength from your injuries!
You feel less confused. Something hits you!
* * * LOW HITPOINT WARNING * * *
Something bites you!
* * * LOW HITPOINT WARNING * * *
Something draws strength from your injuries!
You hear some strange, mumbled words.
You are confused.
You feel much better.
You hit something but do no damage. Something hits you. Something misses you.
You miss something. Something closely misses you. Something barely misses you.
You feel less confused.
You hit something. Something closely misses you. Something barely misses you.
You barely miss something. Something hits you!
* * * LOW HITPOINT WARNING * * *
Something closely misses you.
You hit something but do no damage. Something hits you!
* * * LOW HITPOINT WARNING * * *
Something bites you.
You die...

...............#
...............#
.......†.......#
........$......#########
...)....................
........................
..........†.............
........................
................s.......
........................
........................
........................
........##############..
######..###### .
..............
..............
....##########


There were no monsters in sight!

Vanquished Creatures
  A gargoyle (D:7)
  A wraith (D:9)
  9 yaks
  Eustachio (D:5)
  The ghost of eyols the Ducker, an amateur DjFE (D:4)
  Edmund (D:5)
  2 water moccasins
  An orc warrior (D:8)
  2 sky beasts
  3 ice beasts
  A phantom (D:4)
  A centaur (D:7)
  5 kobold brigands (D:3)
  3 scorpions
  2 bullfrogs
  A necrophage (D:4)
  2 wyvern zombies (Ossuary)
  2 water moccasin zombies (Ossuary)
  7 wights
  10 killer bees
  2 howler monkeys (D:6)
  2 centaur zombies (Ossuary)
  7 bullfrog zombies (Ossuary)
  2 hounds
  4 jellies
  11 mummies (Ossuary)
  2 orc priests
  A water moccasin simulacrum (D:4)
  2 human zombies (D:8)
  2 human skeletons (D:8)
  5 iguanas
  3 orc wizards
  3 killer bee zombies (Ossuary)
  A bullfrog simulacrum (D:4)
  A scorpion simulacrum (D:4)
  3 howler monkey zombies (Ossuary)
  10 gnolls (D:3)
  4 adders
  A hound simulacrum (D:4)
  2 white imps
  6 worms
  2 dart slugs
  15 orcs
  5 endoplasms
  2 giant cockroaches
  6 goblins
  14 hobgoblins
  14 jackals
  8 quokkas
  2 ball pythons (D:2)
  2 bats
  2 frilled lizards
  32 kobolds
  2 orc skeletons (D:8)
  5 rats
241 creatures vanquished.

Vanquished Creatures (others)
  A plant (D:1)
  3 withered plants (Ossuary)
4 creatures vanquished.

Grand Total: 245 creatures vanquished

Notes
Turn   | Place    | Note
-------+----------+-------------------------------------------
     0 | D:1      | koil the Draconian Transmuter began the quest for the Orb.
     0 | D:1      | Reached XP level 1. HP: 16/16 MP: 3/3
   136 | D:1      | Reached XP level 2. HP: 17/23 MP: 3/5
   679 | D:2      | Got Decub's Book of the Voyage and Weather
   683 | D:2      | Learned a level 2 spell: Wereblood
   732 | D:2      | Reached XP level 3. HP: 29/29 MP: 4/6
  1679 | D:3      | Reached XP level 4. HP: 36/36 MP: 5/7
  1758 | D:3      | Identified the ring "Poneqeni" {rC+ AC+4}
  2117 | D:3      | Reached XP level 5. HP: 20/42 MP: 5/9
  2375 | D:3      | Reached XP level 6. HP: 40/51 MP: 7/10
  2530 | D:3      | Your scales start taking on a glossy black colour.
  2530 | D:3      | Reached XP level 7. HP: 58/58 MP: 8/12
  2530 | D:3      | Gained mutation: You are resistant to electric shocks.
                  | (rElec) [Black Draconian growth]
  3108 | D:4      | Learned a level 3 spell: Spider Form
  3113 | D:4      | Learned a level 4 spell: Olgreb's Toxic Radiance
  3131 | D:4      | Found an ornate altar of the Wu Jian Council.
  3141 | D:4      | Became a worshipper of the Wu Jian Council
  3245 | D:4      | Found a hazy altar of Hepliaklqana.
  3251 | D:4      | Found a hide-covered altar of Uskayaw.
  3256 | D:4      | Found a shimmering blue altar of Sif Muna.
  3334 | D:4      | Found a glowing silver altar of Zin.
  3386 | D:4      | Noticed eyols's ghost (amateur DjFE)
  3415 | D:4      | Found a runed translucent gate.
  3415 | D:4      | Found a runed translucent gate.
  3415 | D:4      | Found a runed translucent gate.
  3618 | D:4      | Found Coenexzi's Distillery.
  3635 | D:4      | Reached skill level 1 in Poison Magic
  3914 | D:4      | Bought 2 potions of mutation for 224 gold pieces
  3914 | D:4      | Bought a potion of heal wounds for 70 gold pieces
  4015 | D:5      | Entered Level 5 of the Dungeon
  4285 | D:5      | Reached XP level 8. HP: 67/67 MP: 12/14
  4436 | D:5      | Found a burning altar of Makhleb.
  4436 | D:5      | Noticed Eustachio
  4442 | D:5      | Reached skill level 5 in Unarmed Combat
  4470 | D:5      | Killed Eustachio
  4594 | D:5      | Found an opulent altar of Gozag.
  4626 | D:5      | Found a sparkling altar of Nemelex Xobeh.
  4737 | D:5      | Noticed Edmund
  4752 | D:5      | Killed Edmund
  4753 | D:5      | Reached skill level 1 in Air Magic
  4985 | D:4      | Reached skill level 5 in Fighting
  5056 | D:4      | Killed eyols's ghost
  5057 | D:4      | Reached skill level 5 in Transmutations
  5281 | D:6      | Identified the +5 dagger of the Shimmering Gods {protect,
                  | Will+ Str+2}
  5390 | D:6      | Found a staircase to the Ecumenical Temple.
  5468 | D:6      | Reached XP level 9. HP: 74/74 MP: 13/16
  5470 | D:6      | Reached * piety under Wu Jian
  5631 | D:6      | Reached skill level 5 in Dodging
  5635 | D:6      | Reached skill level 5 in Spellcasting
  5889 | Temple   | Entered the Ecumenical Temple
  6105 | Temple   | Gained mutation: Your magical capacity is low. (-10% MP)
                  | [potion of mutation]
  6105 | Temple   | Gained mutation: You occasionally shout uncontrollably at
                  | your foes. [potion of mutation]
  6105 | Temple   | Gained mutation: Your large and strong wings let you fly.
                  | [potion of mutation]
  6106 | Temple   | Lost mutation: Your magical capacity is low. (-10% MP)
                  | [potion of mutation]
  6106 | Temple   | Lost mutation: Your large and strong wings let you fly.
                  | [potion of mutation]
  6106 | Temple   | Lost mutation: You occasionally shout uncontrollably at
                  | your foes. [potion of mutation]
  6106 | Temple   | Gained mutation: Your muscles are strong. (Str +4, Int/Dex
                  | -1) [potion of mutation]
  6106 | Temple   | Gained mutation: Your magical capacity is low. (-10% MP)
                  | [potion of mutation]
  6107 | Temple   | Lost mutation: Your muscles are strong. (Str +4, Int/Dex
                  | -1) [potion of mutation]
  6107 | Temple   | Lost mutation: Your magical capacity is low. (-10% MP)
                  | [potion of mutation]
  6107 | Temple   | Gained mutation: Your flesh is heat resistant. (rF+)
                  | [potion of mutation]
  6680 | D:7      | Noticed a gargoyle
  6691 | D:7      | Killed a gargoyle
  6927 | D:7      | Reached XP level 10. HP: 84/84 MP: 18/18
  6931 | D:7      | Learned a level 3 spell: Swiftness
  6936 | D:7      | Learned a level 4 spell: Airstrike
  7046 | D:8      | Found a stormy altar of Qazlal.
  7433 | D:8      | Found a sand-covered staircase.
  7434 | D:8      | Reached ** piety under Wu Jian
  7438 | Ossuary  | Entered an ossuary
  7976 | D:8      | Reached skill level 5 in Air Magic
  8562 | D:8      | Found a bloodstained altar of Trog.
  8607 | D:8      | Reached *** piety under Wu Jian
  8748 | D:9      | Reached skill level 5 in Poison Magic
  8952 | D:9      | HP: 1/86 [something (11)]
  8963 | D:9      | Slain by a vampire

Illustrated notes

Levels and vault maps discovered:
D:1:      dpeg_arrival_pond, layout_rooms, serial_forest,
          infiniplex_forest_straight_4, infiniplex_forest_lined_3_way,
          infiniplex_forest_end_2, infiniplex_forest_straight_3,
          infiniplex_forest_clump_diagonal, infiniplex_forest_straight_5,
          infiniplex_forest_lined_room_, infiniplex_forest_lined_room_2,
          chequers_serial_rivers_large_a
D:2:      layout_basic, minmay_misc_feat_diagonals
D:3:      minmay_goblin_kobold_castle, layout_loops_ring
D:4:      layout_basic, minmay_overflow_temple_star_quad, zin_academy,
          nicolae_overflow_crystal_walls, serial_shops,
          nicolae_inconvenience_store, gammafunk_ghost_icy
D:5:      layout_loops_cross, mainiacjoe_overflow_large_starburst,
          nemelex_xobeh_ov_fountains_minmay, uniq_eustachio, uniq_edmund
D:6:      layout_rooms, minmay_temple_entry_statues_fountains, serial_glass,
          glass_columns_a, glass_columns_b, glass_columns_c, glass_columns_a,
          glass_columns_a, glass_columns_b, glass_columns_a, glass_columns_b
D:7:      layout_rooms, minmay_microvault
D:8:      layout_basic, lightli_temple_of_fire,
          nicolae_qazlal_general_emergency, nicolae_ossuary_entry_catacombs
D:9:      layout_long_grid
Temple:   nicolae_temple_bog_church

Skill      XL: |  1  2  3  4  5  6  7  8  9 10 |
---------------+-------------------------------+-----
Dodging        | 2 3 4 5 6 |  6.2
Fighting       | 2 3 4 5 6 7 |  7.1
Transmutations | 3 4 5 6 |  6.7
Spellcasting   | 3 4 5 6 |  6.1
Unarmed Combat | 4 5 6 7 |  7.0
Poison Magic   | 1 3 4 5 |  5.2
Air Magic      | 2 4 5 |  5.5

Action                   |  1- 3 |  4- 6 |  7- 9 | 10-12 || total
-------------------------+-------+-------+-------+-------++-------
Melee: Unarmed           |   152 |   134 |   291 |   285 ||   862
       Headbutt          |    19 |    22 |    63 |    58 ||   162
       Kick              |    21 |    32 |    89 |   111 ||   253
       Tailslap          |    21 |    14 |    50 |    52 ||   137
       Punch             |     4 |     4 |    11 |    12 ||    31
       Hand axe          |       |       |    35 |       ||    35
       Dagger            |       |       |    33 |       ||    33
Throw: Dart              |       |       |       |    10 ||    10
 Cast: Beastly Appendage |    20 |    14 |    33 |    31 ||    98
       Wereblood         |       |     6 |     9 |     5 ||    20
       Spider Form       |       |       |     1 |     1 ||     2
Invok: Lunge             |       |       |    12 |     5 ||    17
       Whirlwind         |       |       |     3 |     2 ||     5
 Abil: Breathe Lightning |       |       |     2 |       ||     2
  Use: Potion            |       |       |     6 |     3 ||     9
       Scroll            |       |       |    18 |       ||    18
 Stab: Sleeping          |       |       |     2 |     2 ||     4
Armor: Skin              |    43 |    64 |   119 |    79 ||   305
Dodge: Dodged            |    81 |    96 |   226 |   189 ||   592

Table legend: (Time is in decaauts)
 A = Elapsed time spent in this place.
 B = Non-inter-level travel time spent in this place.
 C = Inter-level travel time spent in this place.
 D = Time resting spent in this place.
 E = Time spent auto-exploring this place.
 F = Levels seen in this place.
 G = Mean time per level.
                   A        B        C        D        E       F      G
               +--------+--------+--------+--------+--------+-----+--------+
         Total |   8924 |   8659 |    265 |    342 |   5942 |  11 |  811.3 |
       Dungeon |   8217 |   7968 |    249 |    170 |   5846 |   9 |  913.0 |
        Temple |    224 |    208 |     16 |    167 |      0 |   1 |  224.0 |
       Ossuary |    481 |    481 |      0 |      5 |     95 |   1 |  481.0 |
               +--------+--------+--------+--------+--------+-----+--------+

Top non-repeatable levels by time:
     D:3: 1412 daAuts
     D:4: 1249 daAuts
     D:8: 1106 daAuts
     D:2: 1025 daAuts
     D:5: 916 daAuts
     D:7: 911 daAuts
     D:6: 640 daAuts
     D:1: 637 daAuts
 Ossuary: 481 daAuts
     D:9: 318 daAuts
  Temple: 224 daAuts
